 Dungeon Crawl Stone Soup version 0.23.1 (webtiles) character file.

Game seed: 5247265591244454872

70 Borgoz the Sneak (level 4, -10/34 HPs)
             Began as a Ghoul Enchanter on Mar 2, 2019.
             Mangled by Crazy Yiuf
             ... wielding a +4 quarterstaff of chaos
              (15 damage)
             ... on level 2 of the Dungeon.
             The game lasted 00:02:45 (1791 turns).

Borgoz the Sneak (Ghoul Enchanter)                  Turns: 1791, Time: 00:02:46

Health: -10/34     AC:  3    Str: 16    XL:     4   Next: 22%
Magic:  6/6        EV: 12    Int: 10    God:
Gold:   171        SH:  0    Dex: 10    Spells: 4/7 levels left

rFire    . . .     SeeInvis .   a - +1 dagger (elec)
rCold    + . .     Gourm    .   (no shield)
rNeg     + + +     Faith    .   b - +0 robe
rPois    ∞         Spirit   .   (no helmet)
rElec    .         Reflect  .   o - +0 cloak
rCorr    +         Harm     .   (no gloves)
MR       .....                  (no boots)
Stlth    ++........             (no amulet)
HPRegen  0.00/turn              e - ring of resist corrosion
MPRegen  0.10/turn              (no ring)

@: mighty, rotting
A: rotting body, claws 1, carnivore, cold resistance 1, negative energy
resistance 3, inhibited regeneration, torment resistance, unbreathing
a: no special abilities


You were on level 2 of the Dungeon.
You were not hungry.

You visited 1 branch of the dungeon, and saw 2 of its levels.

You collected 171 gold pieces.

Inventory:

Hand Weapons
 a - a +1 dagger of electrocution (weapon)
Missiles
 j - 13 poisoned needles
Armour
 b - a +0 robe (worn)
 n - a +0 ring mail
 o - a +0 cloak (worn)
Jewellery
 e - a ring of resist corrosion (left claw)
Scrolls
 f - 2 scrolls of identify
 g - 3 scrolls of teleportation
 h - a scroll of immolation {unknown}
 i - 3 scrolls of fog {unknown}
 l - a scroll of noise {unknown}
 m - a scroll of enchant weapon {unknown}
Comestibles
 d - 8 rations


   Skills:
 + Level 0.7 Fighting
 * Level 1.6 Short Blades
 + Level 0.5 Throwing
 + Level 0.8 Armour
 * Level 2.3 Dodging
 + Level 3.6 Stealth
 + Level 2.1 Spellcasting
 + Level 2.6 Hexes


You had 4 spell levels left.
You knew the following spells:

 Your Spells              Type           Power        Failure   Level  Hunger
a - Corona                Hex            #......      11%         1    ##.....
b - Ensorcelled Hibernat  Hex/Ice        #.....       26%         2    ###....

Your spell library contained the following spells:

 Spells                   Type           Power        Failure   Level  Hunger
 Confuse                  Hex            #.......     32%         3    ####...
 Tukima's Dance           Hex            #.......     32%         3    ####...
 Dazzling Spray           Conj/Hex       #.....       47%         3    ####...


Dungeon Overview and Level Annotations

Branches:
Dungeon (2/15)

Altars:

Annotations:
D:2 Crazy Yiuf


Innate Abilities, Weirdness & Mutations

Your body is rotting away.
You thrive on raw meat.
You are immune to poison.
You have sharp fingernails.
You are carnivorous and can eat meat at any time.
Your flesh is cold resistant. (rC+)
You are immune to negative energy. (rN+++)
You do not regenerate when monsters are visible.
You are immune to unholy pain and torment.
You can survive without breathing.


Message History

All of the chunks of flesh in your inventory have rotted away.
There is a stone staircase leading down here.
You see here a +0 club.
Crazy Yiuf shouts!
Key pressed, stopping explore.
You feel very mighty all of a sudden.
You open the door. You closely miss Crazy Yiuf.
Crazy Yiuf hits you with a +4 quarterstaff of chaos!
Crazy Yiuf freezes you.
You puncture Crazy Yiuf!
Crazy Yiuf is heavily wounded.
Crazy Yiuf hits you with a +4 quarterstaff of chaos!
* * * LOW HITPOINT WARNING * * *
Crazy Yiuf burns you.
* * * LOW HITPOINT WARNING * * *
You closely miss Crazy Yiuf.
Crazy Yiuf is heavily wounded.
Crazy Yiuf hits you with a +4 quarterstaff of chaos!
You die...

#.........#.....###
#..#
###.###########.##
#..# #.# #..####..#
########.# #####
##.......#
#......#.# #..)#
#......)#
#.####.#.# #...#
###......# #.#
#.#.# ...
#.....#..# ###.#
#.#.# #g#
#.....#..# ....#
#.#.# ♣♣@♣
#.....#..#
########.#.# ♣.♣♣
#.....#..#
.......#.#.# ♣♣.♣
#.....#..#
#...##.#.#.# ♣.♣♣
#.....#..#
.........#.# ♣♣.♣♣
#####.#..#
.........#.# ♣...♣♣
#.#..# ....##.#.#.#
♣....♣ #....#
.......#.#.# #....#
##...###
#.)..#.#.#.# #....#
#.>.##.


You could see Crazy Yiuf.

Vanquished Creatures
  2 adders (D:2)
  A worm (D:2)
  A dart slug (D:1)
  3 bats
  3 giant cockroaches
  10 goblins
  8 hobgoblins
  5 kobolds (D:1)
  5 frilled lizards
  7 rats
45 creatures vanquished.

Notes
Turn   | Place    | Note
-------+----------+-------------------------------------------
     0 | D:1      | Borgoz the Ghoul Enchanter began the quest for the Orb.
     0 | D:1      | Reached XP level 1. HP: 14/14 MP: 2/2
    46 | D:1      | Reached skill level 1 in Short Blades
   227 | D:1      | Reached XP level 2. HP: 16/18 MP: 3/3
   238 | D:1      | Learned a level 2 spell: Ensorcelled Hibernation
   341 | D:1      | Reached XP level 3. HP: 23/27 MP: 4/4
  1210 | D:2      | Reached XP level 4. HP: 30/34 MP: 6/6
  1339 | D:2      | Found a runed translucent door.
  1340 | D:2      | Noticed Crazy Yiuf
  1791 | D:2      | Mangled by Crazy Yiuf

Skill      XL: |  1  2  3 |
---------------+----------+-----
Short Blades   | 1 |  1.6
Dodging        | 2 |  2.3
Spellcasting   | 2 |  2.1
Fighting       | |  0.7
Throwing       | |  0.5
Armour         | |  0.8
Stealth        | |  3.6
Hexes          | |  2.6

Action                   |  1- 3 |  4- 6 || total
-------------------------+-------+-------++-------
Melee: Dagger            |    94 |    34 ||   128
  Use: Potion            |     2 |     1 ||     3
       Scroll            |     3 |       ||     3
 Stab: Sleeping          |     6 |     1 ||     7
  Eat: Chunk             |     7 |     3 ||    10
Armor: Robe              |    14 |     5 ||    19
Dodge: Dodged            |    40 |    14 ||    54
